 Dungeon Crawl Stone Soup version 0.30.0-10-gfe55d96785 (webtiles) character file.

Game seed: 2454157422796721099

365 Kenran the Carver (level 6, 0/51 HPs)
             Began as a Minotaur Cinder Acolyte on May 15, 2023.
             Was a High Priest of Ignis.
             Slain by Prince Ribbit (11 damage)
             ... on level 5 of the Dungeon.
             The game lasted 00:06:54 (3045 turns).

Kenran the Carver (Minotaur Cinder Acolyte)         Turns: 3045, Time: 00:06:55

Health: 0/51       AC: 18    Str: 19    XL:     6   Next: 40%
Magic:  6/6        EV:  7    Int: 11    God:    Ignis [*****.]
Gold:   233        SH:  2    Dex:  7    Spells: 7/7 levels left

rFire   + . .        e - +2 short sword (venom)
rCold   . . .        x - +0 buckler
rNeg    . . .        n - +0 chain mail
rPois   .            (helmet restricted)
rElec   .            (no cloak)
rCorr   +            t - +0 pair of gloves
SInv    .            g - +1 pair of boots
Will    .....        (no amulet) Stlth
                     w - ring of resist corrosion
HPRegen 0.28/turn    (no ring)
MPRegen 0.10/turn

%: no passive effects
@: fiery-armoured
A: horns 2, retaliatory headbutt
a: Renounce Religion, Fiery Armour, Foxfire Swarm, Rising Flame


You were on level 5 of the Dungeon.
You worshipped Ignis.
Ignis was extremely pleased with you.
You visited 1 branch of the dungeon, and saw 5 of its levels.

You collected 233 gold pieces.

Inventory:

Hand Weapons
 a - a -1 falchion of flaming
 e - a +2 short sword of venom (weapon)
Missiles
 d - 10 poisoned darts (quivered)
Armour
 g - a +1 pair of boots (worn)
 n - a +0 chain mail (worn)
 t - a +0 pair of gloves (worn)
 x - a +0 buckler (worn)
Jewellery
 w - a ring of resist corrosion (left hand)
Wands
 b - a wand of flame (11)
Scrolls
 c - a scroll of fear
 f - a scroll of immolation {!r}
 h - a scroll of summoning
 j - a scroll of enchant weapon {unknown}
 l - 2 scrolls of blinking
 o - 2 scrolls of magic mapping {unknown}
 p - 2 scrolls of teleportation
 s - a scroll of vulnerability {unknown}
Potions
 k - a potion of degeneration {unknown}
 m - a potion of lignification {unknown}
 q - 2 potions of haste {unknown}
 r - a potion of heal wounds {unknown}
 v - 2 potions of curing {unknown}
 z - a potion of attraction {unknown}
 A - a potion of cancellation {unknown}


   Skills:
 - Level 3.6 Fighting
 + Level 8.8 Long Blades
 - Level 1.0 Spellcasting
 - Level 2.1 Fire Magic


You had 7 spell levels left.
You didn't know any spells.
Your spell library contained the following spells:

 Spells                   Type           Power      Damage    Failure   Level
 Foxfire                  Conj/Fire      8%         2x1d4     95%         1
 Scorch                   Fire           10%        2d5       95%         2
 Sandblast                Erth           0%         2d4       99%         1
 Passwall                 Tmut/Erth      0%         N/A       99%         2
 Poisonous Vapours        Pois/Air       0%         N/A       99%         2
 Dazzling Flash           Conj/Hex       0%         N/A       100%        3
 Mephitic Cloud           Conj/Pois/Air  0%         N/A       100%        3
 Stone Arrow              Conj/Erth      0%         3d7       100%        3
 Agony                    Necr           0%         N/A       100%        5
 Fireball                 Conj/Fire      1%         3d3       100%        5
 Freezing Cloud           Conj/Ice/Air   0%         6-21      100%        5
 Silence                  Hex/Air        0%         N/A       100%        5
 Plasma Beam              Fire/Air       1%         2x1d12    100%        6
 Starburst                Conj/Fire      1%         6d3       100%        6


Dungeon Overview and Level Annotations

Branches:
Dungeon (5/15)
 Temple: D:4-7

Altars:
Cheibriados
Gozag
Sif Muna
Vehumet

Shops:
D:4 *

Annotations:
D:5 Prince Ribbit


Innate Abilities, Weirdness & Mutations

You have a pair of horns on your head.
You reflexively headbutt those who attack you in melee.


Message History

You block Prince Ribbit's attack. Prince Ribbit hits you.
Prince Ribbit catches a blue-tailed skink with his tongue.
Prince Ribbit hits you but does no damage.
You hit Prince Ribbit but do no damage. Prince Ribbit closely misses you.
You hit Prince Ribbit.
Prince Ribbit is poisoned.
Your headbutt misses Prince Ribbit.
Prince Ribbit is lightly wounded.
Prince Ribbit closely misses you. Prince Ribbit hits you!
You are too injured to fight recklessly!
You are too injured to fight recklessly!
You are too injured to fight recklessly!
You are too injured to fight recklessly!
You hit Prince Ribbit.
Prince Ribbit looks as sick as possible!
Prince Ribbit is moderately wounded.
Prince Ribbit barely misses you.
You hit Prince Ribbit.
Prince Ribbit looks as sick as possible!
Prince Ribbit is moderately wounded.
Prince Ribbit hits you.
You barely miss Prince Ribbit. Your headbutt misses Prince Ribbit.
Prince Ribbit is moderately wounded.
Prince Ribbit hits you!
You closely miss Prince Ribbit. Your headbutt misses Prince Ribbit.
Prince Ribbit is moderately wounded.
Prince Ribbit lets out a mournful croak.
Prince Ribbit hits you.
You barely miss Prince Ribbit. Your headbutt misses Prince Ribbit.
Prince Ribbit is moderately wounded.
Prince Ribbit barely misses you.
You hit Prince Ribbit.
Prince Ribbit looks as sick as possible!
Your headbutt misses Prince Ribbit.
Prince Ribbit is moderately wounded.
Prince Ribbit hits you!
* * * LOW HITPOINT WARNING * * *
A protective cloak of flame settles atop you.
Prince Ribbit hits you!
You die...

######### #.......#
#.......#
############.......##
#)§.......@Ff........
#.##########.......##
#.# ...[.....# #(#
### ###!......#
####.#..... .....####
#.......# #######
##.░░..░.....
#..░..░░ ....
##.░░..░ ...


You could see Prince Ribbit (extremely poisoned) and a sleepcap.

Vanquished Creatures
  A phantom (D:5)
  A scorpion (D:4)
  2 hounds
  Terence (D:2)
  4 gnolls
  2 adders (D:3)
  3 worms (D:2)
  4 dart slugs
  2 orcs (D:3)
  5 bats
  6 endoplasms
  3 giant cockroaches
  6 hobgoblins
  2 jackals (D:3)
  6 quokkas
  7 ball pythons
  3 frilled lizards
  6 goblins
  6 kobolds
  7 rats
77 creatures vanquished.

Notes
Turn   | Place    | Note
-------+----------+-------------------------------------------
     0 | D:1      | Kenran the Minotaur Cinder Acolyte began the quest for the
                  | Orb.
     0 | D:1      | Reached XP level 1. HP: 19/19 MP: 1/1
   152 | D:1      | Found a faded altar of an unknown god.
   156 | D:1      | Reached skill level 4 in Long Blades
   208 | D:1      | Reached XP level 2. HP: 26/26 MP: 2/2
   257 | D:1      | You fall into a shaft and drop 1 floor!
   521 | D:2      | Reached skill level 5 in Long Blades
   555 | D:2      | Reached XP level 3. HP: 25/31 MP: 3/3
  1491 | D:2      | Noticed Terence
  1501 | D:2      | Killed Terence
  1502 | D:2      | Reached skill level 6 in Long Blades
  1502 | D:2      | Reached XP level 4. HP: 30/39 MP: 4/4
  2068 | D:3      | Found an opulent altar of Gozag.
  2327 | D:4      | Noticed a scorpion
  2361 | D:4      | Found Qeratuhe's Assorted Antiques.
  2374 | D:4      | Reached skill level 7 in Long Blades
  2374 | D:4      | Reached XP level 5. HP: 41/45 MP: 5/5
  2570 | D:4      | Reached skill level 8 in Long Blades
  2763 | D:4      | Found a snail-covered altar of Cheibriados.
  2852 | D:4      | Found a radiant altar of Vehumet.
  2961 | D:5      | Entered Level 5 of the Dungeon
  2961 | D:5      | Found a shimmering blue altar of Sif Muna.
  2992 | D:5      | Reached XP level 6. HP: 47/51 MP: 6/6
  3016 | D:5      | Identified the +0 sling of Calamity {heavy, rF- rN+++ MP-9
                  | Str+2 SInv}
  3028 | D:5      | Noticed Prince Ribbit
  3045 | D:5      | Slain by Prince Ribbit

Illustrated notes

Levels and vault maps discovered:
D:1:      minmay_arrival_arboretum_small, layout_basic,
          hellmonk_ecumenical_altar_slurped_away, minmay_liquid_box,
          grunt_decor_resistance, minmay_heptomino_l4
D:2:      layout_loops_cross, reono_crystal_passage, uniq_terence
D:3:      layout_basic, lemuel_crystal_altar
D:4:      layout_cave_pools, kennysheep_slug_shrine,
          mainiacjoe_overflow_alcove_2, serial_shops, shop
D:5:      layout_basic, mainiacjoe_overflow_catch_the_wave,
          minmay_fractal_squares_gapless_5, uniq_prince_ribbit1

Skill      XL: |  1  2  3  4  5 |
---------------+----------------+-----
Long Blades    | 4 5 6 7 8 |  8.8
Fighting       | |  3.6
Spellcasting   | |  1.0
Fire Magic     | |  2.1

Action                     |  1- 3 |  4- 6 || total
---------------------------+-------+-------++-------
  Melee: Falchion          |    77 |       ||    77
         Headbutt          |    13 |    18 ||    31
         Short sword       |    29 |   133 ||   162
  Throw: Dart              |     2 |       ||     2
 Invoke: Fiery Armour      |       |     1 ||     1
    Use: Scroll            |     1 |     6 ||     7
   Stab: Sleeping          |     1 |       ||     1
 Armour: Robe              |    17 |       ||    17
         Chain mail        |       |    55 ||    55
         Leather armour    |       |     1 ||     1
  Dodge: Dodged            |    55 |    41 ||    96
  Block: Buckler           |       |     6 ||     6
